 Dungeon Crawl Stone Soup version bcrawl-1.38.3 (webtiles) character file.

Game seed: 1593727806449311649

186181 Corvidia the Skirmisher (level 5, -2/42 HPs)
             Began as a Demonspawn Gladiator on May 12, 2023.
             Slain by an ogre
             ... wielding a +0 giant club
              (31 damage)
             ... on level 3 of the Dungeon.
             The game lasted 00:03:01 (2476 turns).

Corvidia the Skirmisher (Demonspawn Gladiator)      Turns: 2476, Time: 00:03:02

Health: -2/42      AC:  7    Str: 11 (14) XL:     5   Next: 95%
Magic:  5/5        EV: 12    Int:  7 (10) God:
Gold:   158        SH:  0    Dex: 14 (15) Spells: 4/4 levels left

rFire    . . .     GDR:     28% g - -1 dagger (curse)
rCold    + . .     SeeInvis .   (no shield)
rNeg     . . .     Gourm    .   q - +0 ring mail
rPois    .         Faith    .   c - +1 helmet
rElec    .         Spirit   .   (no cloak)
rCorr    .         Reflect  .   (no gloves)
MR       .....                  (no boots)
Stlth    +.........             (no amulet)
HPRegen  0.17/turn              (no ring)
MPRegen  0.09/turn              (no ring)

@: no status effects
A: cold resistance 1, spiny 1
a: no special abilities


You were on level 3 of the Dungeon.
You were not hungry.

You visited 1 branch of the dungeon, and saw 3 of its levels.

You collected 158 gold pieces.

Inventory:

Hand Weapons
 a - a +0 rapier
 g - a cursed -1 dagger (weapon)
 l - a +2 dagger of venom
Missiles
 d - 3 throwing nets (quivered) {=f}
Armour
 c - a +1 helmet (worn)
 q - a +0 ring mail (worn)
Scrolls
 i - 3 scrolls of identify
 j - 3 scrolls of teleportation
 p - 2 scrolls of amnesia {unknown}
 r - a scroll of fear {unknown}
Potions
 f - 2 potions of heal wounds
 h - a potion of agility {unknown}
 k - a potion of flight {unknown}
 m - a potion of lignification {unknown}
 n - a potion of degeneration
Comestibles
 e - 8 rations {!d}


   Skills:
 - Level 4.0 Fighting
 + Level 4.0 Short Blades
 - Level 2.0 Throwing
 - Level 2.0 Armour
 + Level 4.0 Dodging


You had 4 spell levels left.
You didn't know any spells.
Your spell library was empty.

Dungeon Overview and Level Annotations

Branches:
Dungeon (3/12)

Altars:
Dithmenos


Innate Abilities, Weirdness & Mutations

Your flesh is cold resistant. (rC+)
You are partially covered in sharp spines.


Message History

It was a potion of degeneration.
There was something very wrong with that liquid.
You feel weakened.
You feel dopey.
You feel clumsy.
It was a potion of cancellation.
You feel magically purged. The ogre is struck by your spines.
The ogre barely misses you.
You barely miss the ogre.
The ogre is lightly wounded.
The ogre is struck by your spines. The ogre hits you with a +0 giant club!
You hit the ogre.
The ogre is moderately wounded.
You hit the ogre but do no damage.
The ogre is moderately wounded.
The ogre misses you.
You hit the ogre.
The ogre is moderately wounded.
You hit the ogre but do no damage.
The ogre is moderately wounded.
The ogre hits you with a +0 giant club!!
Ouch! That really hurt!
You die...

#.#.##.#......# ######
#.#.##.###....# #...
#.#.##........# #...
#.#.#####.....# #...
#.#.#####.....# #...
####'#.......#'########
#...
#........#####........#
#### #........+
+........# # #........#
#..@.....# # #........#
#...O....# # #.....####
#........# # #######
#........# # #........#
# #........# ##########
####### #...... #......


You could see an ogre.

Vanquished Creatures
  A kobold brigand (D:3)
  An orc wizard (D:3)
  6 adders
  2 oozes
  A worm (D:2)
  2 dart slugs
  7 leopard geckos
  12 orcs (D:3)
  6 ball pythons
  A giant cockroach (D:2)
  8 hobgoblins
  4 jackals
  4 kobolds
  4 quokkas
  7 bats
  5 frilled lizards
  3 goblins
  5 rats
79 creatures vanquished.

Notes
Turn   | Place    | Note
-------+----------+-------------------------------------------
     0 | D:1      | Corvidia the Demonspawn Gladiator began the quest for the
                  | Orb.
     0 | D:1      | Reached XP level 1. HP: 18/18 MP: 1/1
   227 | D:1      | Gained mutation: You are partially covered in sharp spines.
                  | [demonic ancestry]
   227 | D:1      | Reached XP level 2. HP: 17/24 MP: 2/2
   684 | D:2      | Reached XP level 3. HP: 28/29 MP: 3/3
  1153 | D:2      | Reached XP level 4. HP: 34/35 MP: 4/4
  1613 | D:3      | Reached skill level 1 in Armour
  1893 | D:3      | Gained mutation: Your flesh is cold resistant. (rC+)
                  | [demonic ancestry]
  1893 | D:3      | Reached XP level 5. HP: 39/42 MP: 5/5
  1953 | D:3      | Found a shadowy altar of Dithmenos.
  2467 | D:3      | Noticed an ogre
  2476 | D:3      | Slain by an ogre

Skill      XL: |  1  2  3  4  5 |
---------------+----------------+-----
Dodging        | 3 4 |  4.0
Short Blades   | 3 4 |  4.0
Throwing       | 2 |  2.0
Armour         | 1 2 |  2.0
Fighting       | 4 |  4.0

Action                   |  1- 3 |  4- 6 || total
-------------------------+-------+-------++-------
Melee: Dagger            |   164 |   150 ||   314
  Use: Scroll            |     2 |     1 ||     3
       Potion            |       |     2 ||     2
  Eat: Chunk             |     4 |     7 ||    11
Armor: Leather armour    |    37 |     6 ||    43
       Ring mail         |       |    24 ||    24
Dodge: Dodged            |   103 |    67 ||   170
